 Dungeon Crawl Stone Soup version 0.28.0-53-g5a82cb258f (webtiles) character file.

Game seed: 9499949901948294999

58 quokkamancerX the Chopper (level 4, -5/39 HPs)
             Began as a Hill Orc Fighter on July 5, 2022.
             Slain by a gnoll
             ... wielding a +0 whip
              (8 damage)
             ... on level 3 of the Dungeon.
             The game lasted 00:03:09 (1394 turns).

quokkamancerX the Chopper (Hill Orc Fighter)        Turns: 1394, Time: 00:03:10

Health: -5/39      AC: 10    Str: 20    XL:     4   Next: 1%
Magic:  4/4        EV:  7    Int:  8    God:
Gold:   133        SH:  4    Dex: 10    Spells: 3/3 levels left

rFire   . . .      SeeInvis .   a - +0 war axe
rCold   . . .      Faith    .   c - +0 buckler
rNeg    . . .      Spirit   .   g - +0 chain mail
rPois   .          Reflect  .   i - +0 helmet
rElec   .          Harm     .   (no cloak)
rCorr   .          Rampage  .   (no gloves)
Will    .....                   (no boots)
Stlth   ..........              (no amulet)
HPRegen 0.13/turn               (no ring)
MPRegen 0.09/turn               (no ring)

@: mighty
A: no striking features
a: no special abilities


You were on level 3 of the Dungeon.
You visited 1 branch of the dungeon, and saw 3 of its levels.

You collected 133 gold pieces.

Inventory:

Hand Weapons
 a - a +0 war axe (weapon)
Missiles
 f - 6 poisoned darts (quivered)
Armour
 c - a +0 buckler (worn)
 g - a +0 chain mail (worn)
 i - a +0 helmet (worn)
Scrolls
 b - 2 scrolls of identify {unknown}
 j - a scroll of teleportation {unknown}
 l - a scroll of enchant armour {unknown}
Potions
 e - a potion of attraction {unknown}
 h - 2 potions of curing {unknown}
 k - a potion of heal wounds {unknown}


   Skills:
 - Level 3.6 Fighting
 + Level 5.5 Axes
 - Level 3.2 Armour
 - Level 3.2 Shields


You had 3 spell levels left.
You didn't know any spells.
Your spell library was empty.

Dungeon Overview and Level Annotations

Branches:
Dungeon (2/15)

Altars:
Zin


Message History

The hobgoblin is lightly wounded.
The hobgoblin hits you but does no damage.
You completely miss the hobgoblin.
The hobgoblin is lightly wounded.
You block the hobgoblin's attack.
You closely miss the hobgoblin.
The hobgoblin is lightly wounded.
You block the hobgoblin's attack.
The hobgoblin hits you but does no damage.
You hit the hobgoblin.
The hobgoblin is severely wounded.
The hobgoblin hits you but does no damage.
You slash the hobgoblin!
You kill the hobgoblin!
You barely miss the gnoll. The gnoll hits you with a +0 whip.
You barely miss the gnoll.
The gnoll hits you from afar with a +0 spear.
The gnoll hits you but does no damage.
You hit the gnoll.
The gnoll is lightly wounded.
The gnoll closely misses you. The gnoll hits you with a +0 spear.
The gnoll hits you with a +0 whip. The gnoll hits you but does no damage.
You feel very mighty all of a sudden. The gnoll hits you with a +0 spear.
The gnoll hits you with a +0 whip!
* * * LOW HITPOINT WARNING * * *
The gnoll closely misses you.
You slash the gnoll!
The gnoll is severely wounded.
You hit the gnoll. You barely miss the gnoll. The gnoll barely misses you.
The gnoll hits you but does no damage. The gnoll hits you with a +0 club.
* * * LOW HITPOINT WARNING * * *
The gnoll barely misses you.
You slash the gnoll!
You kill the gnoll!
You slash the gnoll! You barely miss the gnoll.
The gnoll hits you but does no damage. x3
You have reached level 4!
The gnoll hits you with a +0 whip!
You die...

### ..##
#..#################
....................
............#######.
#.............)g@.#
.....#....#...#g#.#
........>...#g#g..#
###..#........#####
####†#...###......#
.............##...#
..###....##### g#$#
..# ....# g. .. ..#
....# ..[ .#


You could see 3 gnolls.

Vanquished Creatures
  A gnoll (D:3)
  An adder (D:2)
  A dart slug (D:2)
  3 endoplasms
  5 goblins
  6 hobgoblins
  A jackal (D:1)
  4 quokkas
  4 ball pythons
  2 bats (D:1)
  2 frilled lizards (D:1)
  5 rats
35 creatures vanquished.

Notes
Turn   | Place    | Note
-------+----------+-------------------------------------------
     0 | D:1      | quokkamancerX the Hill Orc Fighter began the quest for the
                  | Orb.
     0 | D:1      | Reached XP level 1. HP: 19/19 MP: 1/1
    52 | D:1      | Reached skill level 3 in Axes
   208 | D:1      | Reached XP level 2. HP: 26/26 MP: 2/2
   386 | D:1      | Found a faded altar of an unknown god.
   460 | D:1      | Reached skill level 4 in Axes
   988 | D:2      | Reached XP level 3. HP: 29/31 MP: 3/3
  1065 | D:2      | Found a glowing silver altar of Zin.
  1193 | D:2      | Reached skill level 5 in Axes
  1306 | D:2      | You fall into a shaft and drop 1 floor!
  1394 | D:3      | Reached XP level 4. HP: 3/39 MP: 4/4
  1394 | D:3      | Slain by a gnoll

Illustrated notes

Levels and vault maps discovered:
D:1:      dpeg_arrival_rooms_b, layout_basic, ebering_ecumenical_altar_hall,
          minmay_pentomino_r4
D:2:      minmay_skewed_foursquare, layout_basic, basic_altar,
          kennysheep_generic_room_14, uniq_robin
D:3:      layout_basic, amcnicky_mini_pool_small, small_statue_intersection,
          hangedman_decor_growths

Skill      XL: |  1  2  3 |
---------------+----------+-----
Axes           | 3 4 5 |  5.5
Fighting       | |  3.6
Armour         | |  3.2
Shields        | |  3.2

Action                   |  1- 3 |  4- 6 || total
-------------------------+-------+-------++-------
Melee: War axe           |   106 |       ||   106
  Use: Potion            |     1 |       ||     1
Armor: Scale mail        |    12 |       ||    12
       Chain mail        |    50 |       ||    50
Dodge: Dodged            |    49 |       ||    49
Block: Buckler           |    27 |       ||    27
